 Dungeon Crawl Stone Soup version 0.30-a0-172-gc5509c9e31 (webtiles) character file.

Game seed: 12378319483933271902

336 KennySheep the Sneak (level 6, -1/52 HPs)
             Began as a Draconian Delver on Oct 1, 2022.
             Was a Follower of Okawaru.
             Splashed by a jelly's acid (12 damage)
             ... on level 4 of the Dungeon.
             The game lasted 00:13:01 (3341 turns).

KennySheep the Sneak (Draconian Delver)             Turns: 3341, Time: 00:13:02

Health: -1/52      AC:  0    Str: 14    XL:     6   Next: 28%
Magic:  7/7        EV: 12    Int: 11    God:    Okawaru [*.....]
Gold:   428        SH:  0    Dex: 14    Spells: 5/5 levels left

rFire   . . .      SeeInvis .    s - +2 dagger (venom)
rCold   . . .      Faith    .    (no shield)
rNeg    . . .      Spirit   .    (body armour unavailable)
rPois   .          Reflect  .    (helmet restricted)
rElec   .          Harm     .    (no cloak)
rCorr   .          Rampage  .    u - +0 pair of gloves
Will    .....                    i - +0 pair of boots
Stlth   +++.......               (no amulet)
HPRegen 0.28/turn                d - ring of wizardry
MPRegen 0.10/turn                m - ring of flight

@: corroded, flying
A: AC +6, unfitting armour, cold-blooded
a: Renounce Religion, Heroism


You were on level 4 of the Dungeon.
You worshipped Okawaru.
Okawaru was aware of your devotion.
You visited 1 branch of the dungeon, and saw 5 of its levels.

You collected 428 gold pieces.

Inventory:

Hand Weapons
 a - a +0 falchion
 j - a +2 vampiric dagger
 s - a +2 dagger of venom (weapon)
Armour
 i - a +0 pair of boots (worn)
 u - a +0 pair of gloves (worn)
Jewellery
 d - a ring of wizardry (left hand)
 m - a ring of flight (right hand)
Wands
 f - a wand of digging (3)
Scrolls
 b - a scroll of fog
 c - a scroll of poison
 g - 4 scrolls of identify
 l - 5 scrolls of teleportation
 q - 2 scrolls of blinking
 r - a scroll of enchant weapon
 w - a scroll of amnesia
Potions
 e - a potion of haste
 h - a potion of mutation {unknown}
 k - 2 potions of brilliance {unknown}
 n - a potion of heal wounds
 o - a potion of resistance {unknown}
 p - a potion of cancellation {unknown}
 t - a potion of invisibility {unknown}
 v - 2 potions of curing


   Skills:
 + Level 4.3 Fighting
 * Level 2.4(3.2) Short Blades
 - Level 3.0(3.4) Long Blades
 + Level 2.7 Dodging
 * Level 5.7 Stealth
 + Level 1.6 Invocations


You had 5 spell levels left.
You didn't know any spells.
Your spell library contained the following spells:

 Spells                   Type           Power      Damage    Failure   Level
 Ensorcelled Hibernation  Hex/Ice        0%         N/A       21%         2
 Static Discharge         Conj/Air       0%         2-2/arc   21%         2
 Dazzling Flash           Conj/Hex       0%         N/A       38%         3
 Hailstorm                Conj/Ice       0%         3d3       38%         3
 Mephitic Cloud           Conj/Pois/Air  0%         N/A       38%         3
 Spider Form              Tmut/Pois      0%         N/A       38%         3
 Anguish                  Hex/Necr       0%         N/A       77%         4
 Ice Form                 Ice/Tmut       0%         N/A       77%         4
 Agony                    Necr           0%         N/A       98%         5
 Silence                  Hex/Air        0%         N/A       98%         5
 Storm Form               Tmut/Air       0%         N/A       100%        7
 Simulacrum               Ice/Necr       Unusable   N/A       N/A         6

Dungeon Overview and Level Annotations

Branches:
Dungeon (5/15)
 Temple: D:4-7

Altars:
Cheibriados
Okawaru

Annotations:
D:5 Eustachio


Innate Abilities, Weirdness & Mutations

Your plain brown scales are hard. (AC +6)
You cannot fit into any form of body armour.
You are cold-blooded and may be slowed by cold attacks.


Message History

q - 2 scrolls of blinking
As you read the scroll of identify, it crumbles to dust.
r - a scroll of enchant weapon The kobold shouts!
The jelly quivers.
Found an inky potion.
The jelly attacks as you move away! The jelly closely misses you.
The jelly attacks as you move away! The jelly hits you.
You are splashed with acid!
You hit the jelly.
Your hands burn!
The jelly is lightly wounded.
The jelly hits you but does no damage.
You hit the jelly.
The jelly is poisoned.
Your hands burn!
The jelly is lightly wounded.
The jelly hits you but does no damage.
You hit the jelly but do no damage.
Your hands burn!
The jelly is lightly wounded.
The jelly barely misses you.
You hit the jelly but do no damage.
Your hands burn!
The jelly is lightly wounded.
The jelly hits you but does no damage.
You hit the jelly.
Your hands burn!
The jelly is heavily wounded.
The jelly hits you but does no damage. The jelly attacks as you move away!
The jelly hits you but does no damage.
You hit the jelly.
The jelly looks even sicker.
The acid corrodes you!
Your hands burn!
Your tail-slap misses the jelly.
The jelly is severely wounded.
The jelly barely misses you.
You barely miss the jelly.
The jelly is severely wounded.
The jelly attacks as you move away! The jelly misses you.
You hit the jelly. The acid corrodes you!
Your hands burn!
* * * LOW HITPOINT WARNING * * *
You tail-slap the jelly, but do no damage.
The jelly is almost dead.
The jelly hits you.
* * * LOW HITPOINT WARNING * * *
You are splashed with acid!
You die...

#...# ##.....#. #.#
#.###.#.. #.# #...###.
#.# #....#.# #.#
#.....#. #.# #....#. #K#
##...#. #J# ##.###.#
###@### ####.#...##
#.....# ##....#....#
#.###^###...#.#.....
#####.# #.....#....#....
#....(###.#.....#####...
#.###.....#.##.#####.###
#.#...............###...
#...##...###...##.. #...
#..###.#.#.#.#.# #.##...


You could see a jelly (very poisoned) and a kobold.

Vanquished Creatures
  A scorpion (D:4)
  An orc priest (D:3)
  An orc wizard (D:3)
  Robin (D:2)
  3 gnolls (D:4)
  6 adders
  A white imp (D:4)
  An ufetubus (D:4)
  5 dart slugs
  10 orcs
  4 ball pythons
  5 endoplasms
  3 giant cockroaches
  22 goblins
  5 hobgoblins
  9 jackals
  4 kobolds
  7 bats
  2 frilled lizards (D:2)
  10 rats
101 creatures vanquished.

Vanquished Creatures (others)
  2 toadstools (D:4)
2 creatures vanquished.

Grand Total: 103 creatures vanquished

Notes
Turn   | Place    | Note
-------+----------+-------------------------------------------
     0 | D:5      | KennySheep the Draconian Delver began the quest for the
                  | Orb.
     0 | D:5      | Reached XP level 1. HP: 19/19 MP: 1/1
    84 | D:5      | Noticed Eustachio
   136 | D:4      | Reached XP level 2. HP: 6/26 MP: 2/2
   383 | D:3      | Found an iron altar of Okawaru.
   399 | D:3      | Became a worshipper of Warmaster Okawaru
   583 | D:3      | Found a snail-covered altar of Cheibriados.
   604 | D:3      | Reached XP level 3. HP: 30/31 MP: 3/3
   793 | D:4      | Reached skill level 5 in Stealth
   813 | D:4      | Reached XP level 4. HP: 13/40 MP: 4/4
  1044 | D:2      | Noticed Robin
  1105 | D:2      | Killed Robin
  1137 | D:1      | Reached skill level 1 in Short Blades
  1654 | D:1      | Found a faded altar of an unknown god.
  1720 | D:1      | Got Sif Muna's Directory of the Zephyr
  1804 | D:2      | Reached XP level 5. HP: 28/46 MP: 5/5
  2376 | D:3      | Reached skill level 1 in Invocations
  2471 | D:3      | Reached * piety under Okawaru
  2541 | D:4      | Reached XP level 6. HP: 52/52 MP: 5/7
  3341 | D:4      | Splashed by a jelly's acid

Illustrated notes

Levels and vault maps discovered:
D:1:      lemuel_arrival_river_ford, layout_rooms,
          hellmonk_ecumenical_altar_inner_sanctum
D:2:      layout_rooms, uniq_robin
D:3:      layout_rooms, mainiacjoe_overflow_chevrons,
          mainiacjoe_overflow_brackets, minmay_distorted
D:4:      nicolae_BIG_FREAKIN_CUBE, layout_loops_ring, nzn_wu_jian_council_hall,
          portal_sewer_entry_b, minmay_statues_item, minmay_gold_behind_fungi,
          dreamdust_princess_bridge, minmay_starry_boxes
D:5:      layout_basic, uniq_eustachio, uniq_grinder

Skill      XL: |  1  2  3  4  5 |
---------------+----------------+-----
Dodging        | 2 |  2.7
Stealth        | 5 |  5.7
Long Blades    | 3 |  3.0
Short Blades   | 1 2 |  2.4
Invocations    | 1 |  1.6
Fighting       | 4 |  4.3

Action                   |  1- 3 |  4- 6 || total
-------------------------+-------+-------++-------
Melee: Falchion          |    99 |     3 ||   102
       Tailslap          |     7 |    22 ||    29
       Dagger            |       |   272 ||   272
       Punch             |       |     6 ||     6
  Use: Scroll            |     2 |     5 ||     7
       Potion            |       |     2 ||     2
 Stab: Sleeping          |     2 |     9 ||    11
       Distracted        |       |     1 ||     1
Armor: Skin              |    44 |   110 ||   154
Dodge: Dodged            |    73 |   167 ||   240

Table legend: (Time is in decaauts)
 A = Elapsed time spent in this place.
 B = Non-inter-level travel time spent in this place.
 C = Inter-level travel time spent in this place.
 D = Time resting spent in this place.
 E = Time spent auto-exploring this place.
 F = Levels seen in this place.
 G = Mean time per level.
                   A        B        C        D        E       F      G
               +--------+--------+--------+--------+--------+-----+--------+
         Total |   3328 |   3203 |    125 |    635 |   1616 |   5 |  665.6 |
       Dungeon |   3328 |   3203 |    125 |    635 |   1616 |   5 |  665.6 |
               +--------+--------+--------+--------+--------+-----+--------+

Top non-repeatable levels by time:
     D:4: 1093 daAuts
     D:3: 856 daAuts
     D:1: 645 daAuts
     D:2: 620 daAuts
     D:5: 112 daAuts
